 Dungeon Crawl Stone Soup version 0.22.1-1-ga44c0e5 (webtiles) character file.

105 HoaS the Skirmisher (level 4, 0/30 HPs)
             Began as a Gargoyle Berserker on Oct 21, 2018.
             Was a Follower of Trog.
             Killed by nerve-wracking pain
             ... invoked by Grinder
              (4 damage)
             ... on level 3 of the Dungeon.
             The game lasted 00:08:53 (1263 turns).

HoaS the Skirmisher (Gargoyle Berserker)            Turns: 1263, Time: 00:08:54

Health: 0/30       AC: 16    Str: 22    XL:     4   Next: 81%
Magic:  4/4        EV:  8    Int:  7    God:    Trog [*.....]
Gold:   57         SH:  0    Dex:  9    Spells: 3/3 levels left

rFire    . . .     SeeInvis .     - Unarmed
rCold    . . .     Gourm    .   (no shield)
rNeg     + . .     Faith    .   d - +0 shadow dragon scales
rPois    ∞         Spirit   .   (no helmet)
rElec    +         Reflect  .   (no cloak)
rCorr    .         Harm     .   h - +0 pair of gloves
MR       .....                  (no boots)
Stlth    +++.......             (no amulet)
HPRegen  0.10/turn              (no ring)
MPRegen  0.09/turn              (no ring)

@: no status effects
A: negative energy resistance 1, electricity resistance, unbreathing,
petrification resistance, rot immunity, AC +3
a: Berserk, Renounce Religion


You were on level 3 of the Dungeon.
You worshipped Trog.
Trog was aware of your devotion.
You were very hungry.

You visited 1 branch of the dungeon, and saw 3 of its levels.

You collected 57 gold pieces.

Inventory:

Armour
 d - +0 shadow dragon scales (worn)
 h - a +0 pair of gloves (worn)
Scrolls
 c - a scroll of enchant armour {unknown}
 e - a scroll of amnesia {unknown}
Potions
 a - a potion of brilliance {unknown}
 j - a potion of resistance
 k - a potion of mutation {unknown}
Comestibles
 b - 7 rations
 f - 4 chunks of flesh


   Skills:
 * Level 4.3 Fighting
 + Level 3.0 Armour
 - Level 1.5 Dodging
 + Level 1.5 Stealth
 * Level 3.9 Unarmed Combat


You had 3 spell levels left.
You didn't know any spells.
Your spell library was empty.

Dungeon Overview and Level Annotations

Branches:
Dungeon (3/15)

Altars:
Wu Jian

Annotations:
D:3 Grinder


Innate Abilities, Weirdness & Mutations

You are resistant to torment.
Your stone body is resilient. (AC +3)
You are immune to poison.
You resist negative energy. (rN+)
You are resistant to electric shocks. (rElec)
You can survive without breathing.
You are immune to petrification.
You are immune to rotting.


Message History

Grinder hits you but does no damage.
You closely miss Grinder.
Grinder is almost dead.
Grinder gestures at you. Pain shoots through your body!
* * * LOW HITPOINT WARNING * * *
You hit Grinder.
Grinder is almost dead.
Grinder gestures at you. Pain shoots through your body!
* * * LOW HITPOINT WARNING * * *
You barely miss Grinder.
Grinder is almost dead.
Grinder hits you.
* * * LOW HITPOINT WARNING * * *
You barely miss Grinder.
Grinder is almost dead.
Grinder gestures at you. Pain shoots through your body!
You die...

........#.##.#
........#..#.#
........##.#.#
........##.#.####
........†..5....#
........##.#.##.#
#######.##.#.#
#5##.# # #@##.#
#.##.# #.##..
#......# #####..#
#


You could see Grinder.

Vanquished Creatures
  Jessica (D:2)
  Terence (D:2)
  A gnoll (D:1)
  An ooze (D:1)
  A worm (D:3)
  A dart slug (D:2)
  An orc (D:2)
  3 giant cockroaches
  A goblin (D:2)
  A hobgoblin (D:1)
  6 jackals
  5 kobolds
  5 bats
  4 frilled lizards
  3 rats
35 creatures vanquished.

Notes
Turn   | Place    | Note
-------+----------+-------------------------------------------
     0 | D:1      | HoaS the Gargoyle Berserker began the quest for the Orb.
     0 | D:1      | Reached XP level 1. HP: 14/14 MP: 1/1
   112 | D:1      | Reached XP level 2. HP: 12/19 MP: 2/2
   439 | D:1      | Reached XP level 3. HP: 24/24 MP: 3/3
   677 | D:2      | Noticed Jessica
   712 | D:2      | Killed Jessica
   712 | D:2      | Reached skill level 4 in Fighting
   712 | D:2      | Reached skill level 1 in Stealth
   712 | D:2      | Reached XP level 4. HP: 23/29 MP: 4/4
   909 | D:2      | Noticed Terence
   938 | D:2      | Killed Terence
   992 | D:2      | Found a faded altar of an unknown god.
  1070 | D:2      | Found an ornate altar of the Wu Jian Council.
  1150 | D:3      | Reached ** piety under Trog
  1171 | D:3      | Noticed Grinder
  1176 | D:3      | Paralysed by Grinder for 2 turns
  1195 | D:3      | Paralysed by Grinder for 5 turns
  1217 | D:3      | Paralysed by Grinder for 4 turns
  1231 | D:3      | Paralysed by Grinder for 6 turns
  1236 | D:3      | HP: 1/30 [Grinder/nerve-wracking pain (2)]
  1251 | D:3      | Paralysed by Grinder for 5 turns
  1263 | D:3      | Killed from afar by Grinder

Skill      XL: |  1  2  3  4 |
---------------+-------------+-----
Fighting       | 4 |  4.3
Stealth        | 1 |  1.5
Armour         | 3 |  3.0
Dodging        | |  1.5
Unarmed Combat | |  3.9

Action                   |  1- 3 |  4- 6 || total
-------------------------+-------+-------++-------
Melee: Unarmed           |   113 |   108 ||   221
       Punch             |     1 |     4 ||     5
Invok: Trog's Hand       |       |     2 ||     2
       Berserk           |       |     1 ||     1
  Use: Scroll            |     5 |       ||     5
       Potion            |       |     1 ||     1
 Stab: Sleeping          |     3 |       ||     3
  Eat: Chunk             |       |     2 ||     2
Armor: Animal skin       |     7 |       ||     7
       Shadow dragon sca |    66 |    74 ||   140
Dodge: Dodged            |    67 |    34 ||   101
